 Dungeon Crawl Stone Soup version 0.23.2-33-g5129a83184 (webtiles) character file.

Game seed: 15692617891875338523

2079 HASTUR3 the Blocker (level 9, 65/75 HPs)
             Began as a Naga Fighter on June 30, 2019.
             Was an Initiate of Cheibriados.
             Quit the game in the Ecumenical Temple on July 3, 2019.
             The game lasted 00:23:37 (6302 turns).

HASTUR3 the Blocker (Naga Fighter)                  Turns: 6302, Time: 00:23:38

Health: 65/75      AC: 10    Str: 23    XL:     9   Next: 26%
Magic:  9/9        EV:  7    Int:  7    God:    Cheibriados [......]
Gold:   168        SH: 12    Dex: 16    Spells: 8/8 levels left

rFire    . . .     SeeInvis +   a - +0 trident
rCold    + . .     Gourm    .   c - +0 shield
rNeg     . . .     Faith    .   b - +4 scale mail "Teogg" {+Fly rC+ Str+4 Int-2}
rPois    +         Spirit   +   (no helmet)
rElec    .         Reflect  .   B - scarf {Spirit}
rCorr    .         Harm     .   (no gloves)
MR       +....                  (no barding)
Stlth    ..........             (no amulet)
HPRegen  0.22/turn              (no ring)
MPRegen  0.11/turn              t - ring of flight

@: very slow
A: large, see invisible, deformed body, poison resistance, slowness 2, slow
metabolism 1, spit poison 1, AC +3
a: Spit Poison, Bend Time, Renounce Religion, Evoke Flight


You were in the Ecumenical Temple.
You worshipped Cheibriados.
Cheibriados was noncommittal.
You were hungry.

You visited 2 branches of the dungeon, and saw 8 of its levels.

You collected 366 gold pieces.
You spent 198 gold pieces at shops.

Inventory:

Hand Weapons
 a - a +0 trident (weapon)
 D - a +0 blowgun
Missiles
 w - 11 poisoned javelins (quivered)
 E - 19 poisoned needles
Armour
 b - the +4 scale mail "Teogg" (worn) {+Fly rC+ Str+4 Int-2}
   (You bought it in a shop on level 5 of the Dungeon)

   It affects your strength (+4).
   It affects your intelligence (-2).
   It protects you from cold.
   It lets you fly.
 c - a +0 shield (worn)
 o - a +0 chain mail
 y - a +0 plate armour
 B - a scarf of spirit shield (worn)
Jewellery
 t - a ring of flight (right hand)
 F - a +4 ring of strength {unknown}
Wands
 j - a wand of clouds (7)
 A - a wand of polymorph (9)
Scrolls
 d - a scroll of immolation {unknown}
 e - 6 scrolls of identify
 g - 2 scrolls of teleportation
 h - a scroll of fear {unknown}
 k - 2 scrolls of enchant armour {unknown}
 l - a scroll of enchant weapon {unknown}
 n - 3 scrolls of remove curse {unknown}
 p - a scroll of fog {unknown}
 q - 2 scrolls of blinking {unknown}
 r - a scroll of magic mapping {unknown}
 u - a scroll of amnesia {unknown}
Potions
 i - a potion of lignification
 m - 3 potions of haste
 s - a potion of brilliance {unknown}
 v - a potion of berserk rage
 x - 3 potions of degeneration {unknown}
 z - a potion of curing {unknown}
 C - a potion of might
Comestibles
 f - 11 rations


   Skills:
 - Level 3.0 Fighting
 - Level 7.1 Polearms
 - Level 2.4 Armour
 + Level 8.6 Shields


You had 8 spell levels left.
You didn't know any spells.
Your spell library contained the following spells:

 Spells                   Type           Power        Failure   Level  Hunger
 Animate Skeleton         Necr           N/A          77%         1    ##.....
 Apportation              Tloc           #.....       77%         1    ##.....
 Beastly Appendage        Tmut           #.....       77%         1    ##.....
 Confusing Touch          Hex            #.....       77%         1    ##.....
 Magic Dart               Conj           #...         77%         1    ##.....
 Summon Small Mammal      Summ           #...         77%         1    ##.....
 Searing Ray              Conj           #.....       88%         2    ###....
 Sticks to Snakes         Tmut           #.......     88%         2    ###....
 Dazzling Spray           Conj/Hex       #.....       98%         3    ####...
 Spider Form              Tmut/Pois      #.........   98%         3    ####...
 Force Lance              Conj/Tloc      #.......     100%        4    #####..
 Fulminant Prism          Conj/Hex       #.........   100%        4    #####..
 Ice Form                 Ice/Tmut       #.......     100%        4    #####..
 Iskenderun's Mystic Bla  Conj           #.......     100%        4    #####..
 Blade Hands              Tmut           #.........   100%        5    ######.


Dungeon Overview and Level Annotations

Branches:
Dungeon (7/15)             Temple (1/1) D:7

Altars:
Ashenzari
Cheibriados
Elyvilon
Gozag
Hepliaklqana
Kikubaaqudgha
Makhleb
Nemelex Xobeh
Okawaru
Qazlal
Ru
Sif Muna
Trog
Xom
Zin
The Shining One

Shops:
D:5 [


Innate Abilities, Weirdness & Mutations

You cannot wear boots.
Your serpentine skin is tough. (AC +3)
You have supernaturally acute eyesight. (SInv)
Armour fits poorly on your strangely shaped body.
Your system is resistant to poisons. (rPois)
You cover ground very slowly.
You have a slow metabolism.
You can spit poison.


Message History

Found a staircase to the Ecumenical Temple.
F - a large jade ring
Found a scroll of identify.
There is an open door here.
There is a staircase to the Ecumenical Temple here.
You climb downwards.
Welcome to the Ecumenical Temple!
Found a deep blue altar of Sif Muna and a bloodstained altar of Trog.
There is a staircase back to the Dungeon here.
Found a shimmering altar of Xom.
Found a glowing silver altar of Zin and a burning altar of Makhleb.
Found a snail-covered altar of Cheibriados.
There is a snail-covered altar of Cheibriados here.
You coil in front of the altar of Cheibriados.
You have lost your religion!
Cheibriados welcomes you!
Cheibriados begins to support your attributes as your movement slows.
You can now bend time to slow others.
There is a staircase back to the Dungeon here.
There is a staircase back to the Dungeon here.
Are you sure you want to abandon this character and quit the game? (Confirm with "yes".)

≈≈§§§≈≈≈≈≈§§§§§§
§§≈≈≈≈§§≈§§§§≈≈≈
§≈§≈≈≈§≈§§≈§≈≈§§≈
≈≈§≈≈§§≈≈≈§§≈≈§§≈≈
≈≈≈§≈§≈≈≈...≈≈≈≈≈≈≈
§≈≈§≈§§≈≈.....≈§≈≈≈§
≈§≈§§§≈§§§......≈§§≈≈
≈§≈§≈§≈§≈.........≈≈≈≈
§§§≈≈≈§≈≈.....@.....≈≈≈
§≈≈§§≈≈≈.............≈≈
§≈§§≈§§≈≈...............≈
≈≈≈≈§≈≈≈§................
≈≈§§§§≈..................
≈§§≈§§...._..........._..
≈≈≈≈≈§...................
≈≈§≈....................
≈§≈.....................


There were no monsters in sight!

Vanquished Creatures
  Pikel (D:4)
  Grinder (D:3)
  Prince Ribbit (D:5)
  Eustachio (D:5)
  Menkaure (D:4)
  An ice beast (D:6)
  A slave (D:3)
  A phantom (D:4)
  A big kobold (D:7)
  A bullfrog (D:6)
  A howler monkey (D:4)
  A quasit (D:5)
  A bullfrog zombie (D:7)
  3 hounds
  2 orc priests (D:6)
  A bullfrog skeleton (D:6)
  An iguana (D:5)
  Ijyb (D:4)
  2 orc wizards
  A worker ant (D:4)
  A killer bee zombie (D:5)
  2 gnolls
  18 adders
  A shadow imp (D:7)
  A worm (D:3)
  9 leopard geckos
  9 orcs
  8 bats
  4 giant cockroaches
  5 goblins
  5 hobgoblins
  4 quokkas
  6 frilled lizards
  19 kobolds
  5 rats
121 creatures vanquished.

Vanquished Creatures (others)
  A giant cockroach (D:4)
1 creature vanquished.

Grand Total: 122 creatures vanquished

Notes
Turn   | Place    | Note
-------+----------+-------------------------------------------
     0 | D:1      | HASTUR3 the Naga Fighter began the quest for the Orb.
     0 | D:1      | Reached XP level 1. HP: 21/21 MP: 1/1
   240 | D:1      | Reached XP level 2. HP: 28/28 MP: 2/2
   423 | D:1      | Reached XP level 3. HP: 34/34 MP: 3/3
   830 | D:2      | Reached skill level 3 in Shields
  1111 | D:2      | Reached XP level 4. HP: 32/42 MP: 4/4
  2002 | D:3      | Reached XP level 5. HP: 35/49 MP: 5/5
  2180 | D:3      | Noticed Grinder
  2180 | D:3      | Paralysed by Grinder for 2 turns
  2570 | D:4      | Noticed a slave
  2570 | D:4      | Noticed a slave
  2570 | D:4      | Noticed Pikel
  2573 | D:4      | Noticed a slave
  2590 | D:3      | Killed a slave
  2785 | D:3      | Found a shattered altar of Ashenzari.
  2794 | D:3      | Found an ancient bone altar of Kikubaaqudgha.
  2884 | D:3      | Reached skill level 4 in Shields
  3048 | D:3      | Found a white marble altar of Elyvilon.
  3067 | D:3      | Became a worshipper of Elyvilon the Healer
  3281 | D:3      | Killed Grinder
  3281 | D:3      | Reached skill level 5 in Polearms
  3281 | D:3      | Reached XP level 6. HP: 56/56 MP: 6/6
  3393 | D:4      | Noticed a slave
  3407 | D:4      | Killed Pikel
  3407 | D:4      | Reached skill level 5 in Shields
  3407 | D:4      | Reached XP level 7. HP: 48/62 MP: 7/7
  3417 | D:4      | Found a hazy altar of Hepliaklqana.
  3501 | D:4      | Reached XP level 8. HP: 66/69 MP: 8/8
  3526 | D:4      | Noticed Ijyb
  3541 | D:4      | Killed Ijyb
  3631 | D:4      | Reached skill level 6 in Shields
  3960 | D:4      | Reached * piety under Elyvilon
  3978 | D:5      | Entered Level 5 of the Dungeon
  3979 | D:5      | Noticed Menkaure
  3981 | D:5      | Noticed Eustachio
  3996 | D:4      | Killed Menkaure
  4212 | D:3      | Found a glowing golden altar of the Shining One.
  4471 | D:5      | Found Verod's Antique Armour Shoppe.
  4480 | D:5      | Bought an agate-studded scale mail for 198 gold pieces
  4480 | D:5      | Identified the +4 scale mail "Teogg" {+Fly rC+ Str+4 Int-2}
                  | (You bought it in a shop on level 5 of the Dungeon)
  4802 | D:5      | Killed Eustachio
  4802 | D:5      | Reached skill level 7 in Shields
  4841 | D:5      | Noticed Prince Ribbit
  5197 | D:5      | Found a sacrificial altar of Ru.
  5321 | D:5      | Killed Prince Ribbit
  5433 | D:6      | Reached XP level 9. HP: 72/75 MP: 9/9
  5524 | D:6      | Reached skill level 8 in Shields
  5658 | D:6      | Found a stormy altar of Qazlal.
  5683 | D:6      | Found an iron altar of Okawaru.
  5971 | D:6      | Found an opulent altar of Gozag.
  5972 | D:6      | Found a sparkling altar of Nemelex Xobeh.
  5972 | D:6      | Reached ** piety under Elyvilon
  6248 | D:7      | Found a staircase to the Ecumenical Temple.
  6261 | Temple   | Entered the Ecumenical Temple
  6284 | Temple   | Fell from the grace of Elyvilon
  6284 | Temple   | Became a worshipper of Cheibriados the Contemplative
  6302 | Temple   | Quit the game

Skill      XL: |  1  2  3  4  5  6  7  8  9 |
---------------+----------------------------+-----
Shields        | 3 4 5 7 8 |  8.6
Polearms       | 3 5 6 7 |  7.1
Fighting       | |  3.0
Armour         | |  2.4

Action                   |  1- 3 |  4- 6 |  7- 9 || total
-------------------------+-------+-------+-------++-------
Melee: Trident           |   111 |   232 |   352 ||   695
Throw: Javelin           |       |       |     9 ||     9
Invok: Lesser Healing    |       |       |     1 ||     1
 Abil: Spit Poison       |    12 |    20 |    13 ||    45
       Evoke Flight      |       |       |     1 ||     1
  Use: Potion            |       |     5 |     1 ||     6
       Scroll            |       |     2 |     1 ||     3
 Stab: Invisible         |       |     4 |       ||     4
  Eat: Chunk             |     1 |     7 |     9 ||    17
Armor: Scale mail        |    33 |     7 |    89 ||   129
       Chain mail        |       |   103 |    62 ||   165
       Skin              |       |     5 |       ||     5
Dodge: Dodged            |    13 |    31 |    86 ||   130
Block: Shield            |    44 |   110 |   169 ||   323
